 Dungeon Crawl Stone Soup version 0.19.1 (webtiles) character file.

1353 dngmouse the Cleaver (level 8, -1/65 HPs)
             Began as a Minotaur Monk on Dec 26, 2016.
             Was a Priest of Hepliaklqana.
             Succumbed to a water moccasin's poison
             ... on level 6 of the Dungeon.
             The game lasted 00:14:19 (4264 turns).

dngmouse the Cleaver (Minotaur Monk)                Turns: 4264, Time: 00:14:21

Health: -1/65      AC:  7    Str: 15 (18) XL:     8   Next: 36%
Magic:  7/7        EV: 12    Int:  9 (12) God:    Hepliaklqana [***...]
Gold:   221        SH:  0    Dex: 11 (13) Spells: 0 memorised, 7 levels left

rFire  . . .     SeeInvis .     w - +0 war axe
rCold  . . .     Gourm    .     d - +0 ring mail
rNeg   . . .     Faith    .     (no shield)
rPois  .         Spirit   .     (helmet restricted)
rElec  .         Reflect  .     z - +0 cloak
rCorr  .         Harm     .     (no gloves)
MR     .....                    (no boots)
Stlth  +.........               (no amulet)
                                (no ring)
                                t - ring of flight

@: brilliant, lethally poisoned (-1 -> -23), flying
A: retaliatory headbutt, reduced essence, horns 2
a: Recall Ancestor, Ancestor Identity, Transference, Renounce Religion


You were on level 6 of the Dungeon.
You worshipped Hepliaklqana.
Hepliaklqana was most pleased with you.
You were hungry.

You visited 2 branches of the dungeon, and saw 7 of its levels.

You collected 221 gold pieces.

Inventory:

Hand Weapons
 w - a +0 war axe (weapon)
Missiles
 a - 13 tomahawks (quivered)
Armour
 d - a +0 ring mail (worn)
 z - a +0 cloak (worn)
Jewellery
 t - a ring of flight (left hand)
Wands
 y - a wand of iceblast (8/15)
Scrolls
 e - a scroll of blinking {unknown}
 f - 4 scrolls of remove curse {unknown}
 i - a scroll of recharging {unknown}
 l - 7 scrolls of identify {unknown}
 n - a scroll of random uselessness {unknown}
 r - a scroll of magic mapping {unknown}
 u - a scroll of immolation {unknown}
Potions
 b - a potion of brilliance
 g - 2 potions of degeneration
 j - 2 potions of cure mutation {unknown}
 m - 2 potions of heal wounds {unknown}
 o - a potion of magic {unknown}
 p - a potion of curing {unknown}
 q - a potion of lignification {unknown}
 s - 2 potions of flight
 v - a potion of invisibility {unknown}
 x - a potion of mutation {unknown}
Comestibles
 c - 5 bread rations
 h - 3 meat rations
 k - 3 beef jerkies


   Skills:
 + Level 7.0 Fighting
 + Level 9.4 Axes
 + Level 6.1 Armour
 - Level 3.2 Dodging
 - Level 1.5 Stealth


You had 7 spell levels left.
You didn't know any spells.

Dungeon Overview and Level Annotations

Branches:
Dungeon (6/15)             Temple (1/1) D:5

Altars:
Ashenzari
Cheibriados
Dithmenos
Elyvilon
Fedhas
Hepliaklqana
Kikubaaqudgha
Makhleb
Nemelex Xobeh
Okawaru
Qazlal
Sif Muna
Trog
Uskayaw
Xom
Zin
The Shining One

Shops:
D:5 *


Innate Abilities, Weirdness & Mutations

You reflexively headbutt those who attack you in melee.
You have a pair of horns on your head.
Your life essence is reduced. (-10% HP)


Message History

The water moccasin dies!
Your Fighting skill increases to level 7!
* * * LOW HITPOINT WARNING * * *
You feel very sick.
* * * LOW HITPOINT WARNING * * *
You feel very sick.
There is a stone staircase leading up here.
It was a potion of degeneration.
There was something very wrong with that liquid.
You feel weakened.
You feel dopey.
You feel clumsy.
* * * LOW HITPOINT WARNING * * *
You feel sick.
It was a potion of flight.
You feel very buoyant.
You fly up into the air.
* * * LOW HITPOINT WARNING * * *
You feel sick.
It was a potion of brilliance.
You feel clever all of a sudden.
You die...

### ≈. #..≈≈..
>.....$ # .!#....
##. ..... .
.#...###### ... ...
.......@R.##.#.....
##..........<......
##.##########>....
# ... .


You could see the friendly Nenetl the hexer.

Vanquished Creatures
  The ghost of Brovine the Charlatan, a novice KoAr of Sif Muna (D:5)
  The ghost of lolipop the Charlatan, an amateur DEAr (D:3)
  A phantom (D:5)
  A bullfrog (D:6)
  An orc priest (D:4)
  3 orc wizards
  A bullfrog skeleton (D:4)
  Jessica (D:2)
  3 worker ants
  Terence (D:2)
  5 gnolls
  10 adders
  3 worms
  A dart slug (D:2)
  2 leopard geckos
  18 orcs
  4 ball pythons
  8 bats
  3 giant cockroaches
  8 goblins
  10 hobgoblins
  8 jackals
  3 quokkas
  4 frilled lizards
  A jackal skeleton (D:5)
  A jackal zombie (D:5)
  9 kobolds
  A leopard gecko skeleton (D:4)
  A quokka skeleton (D:4)
  7 rats
121 creatures vanquished.

Vanquished Creatures (collateral kills)
  A water moccasin (D:6)
  An ogre (D:4)
  2 worms
  7 orcs
  A bat (D:3)
  2 frilled lizards
  A rat (D:3)
15 creatures vanquished.

Grand Total: 136 creatures vanquished

Notes
Turn   | Place    | Note
-------+----------+-------------------------------------------
     0 | D:1      | dngmouse the Minotaur Monk began the quest for the Orb.
     0 | D:1      | Reached XP level 1. HP: 19/19 MP: 0/0
   152 | D:1      | Reached skill level 4 in Axes
   152 | D:1      | Reached XP level 2. HP: 16/27 MP: 1/1
   488 | D:1      | Reached XP level 3. HP: 26/33 MP: 2/2
   905 | D:2      | Reached skill level 1 in Armour
  1095 | D:2      | Reached skill level 5 in Axes
  1095 | D:2      | Reached XP level 4. HP: 32/41 MP: 3/3
  1111 | D:2      | Noticed Terence
  1126 | D:2      | Killed Terence
  1500 | D:2      | Found a hazy altar of Hepliaklqana.
  1507 | D:2      | Became a worshipper of Hepliaklqana the Forgotten
  1507 | D:2      | Reached * piety under Hepliaklqana
  1507 | D:2      | Reached ** piety under Hepliaklqana
  1508 | D:2      | Remembered your ancestor Nenetl as a hexer
  1583 | D:2      | Noticed Jessica
  1585 | D:2      | Killed Jessica
  1585 | D:2      | Reached XP level 5. HP: 27/42 MP: 4/4
  1741 | D:2      | Reached skill level 5 in Fighting
  2179 | D:3      | Found a faded altar of an unknown god.
  2267 | D:3      | Found a glowing golden altar of the Shining One.
  2285 | D:3      | Noticed lolipop's ghost (amateur DEAr)
  2298 | D:3      | Killed lolipop's ghost
  2298 | D:3      | Reached skill level 6 in Axes
  2298 | D:3      | Reached XP level 6. HP: 27/50 MP: 5/5
  2709 | D:3      | Found an iron altar of Okawaru.
  2712 | D:3      | Found a shattered altar of Ashenzari.
  2861 | D:4      | Reached skill level 5 in Armour
  2915 | D:4      | Reached XP level 7. HP: 50/55 MP: 6/6
  2929 | D:4      | Found a blossoming altar of Fedhas.
  3041 | D:4      | Reached skill level 7 in Axes
  3333 | D:5      | Entered Level 5 of the Dungeon
  3408 | D:5      | Found Zebbuhog's Assorted Antiques.
  3419 | D:5      | Noticed Brovine's ghost (novice KoAr)
  3438 | D:5      | Killed Brovine's ghost
  3438 | D:5      | Reached skill level 8 in Axes
  3438 | D:5      | Reached XP level 8. HP: 45/63 MP: 7/7
  3464 | D:5      | Reached skill level 9 in Axes
  3599 | D:5      | Found a staircase to the Ecumenical Temple.
  3623 | Temple   | Entered the Ecumenical Temple
  3642 | Temple   | Reached *** piety under Hepliaklqana
  4262 | D:6      | HP: 2/65 [poisoned by a water moccasin]
  4264 | D:6      | Succumbed to a water moccasin's poison

Skill      XL: |  1  2  3  4  5  6  7  8 |
---------------+-------------------------+-----
Fighting       | 4 5 6 7 |  7.0
Axes           | 4 5 6 8 9 |  9.4
Armour         | 1 2 4 5 6 |  6.1
Dodging        | |  3.2
Stealth        | |  1.5

Action                   |  1- 3 |  4- 6 |  7- 9 || total
-------------------------+-------+-------+-------++-------
Melee: Hand axe          |    83 |   149 |       ||   232
       Headbutt          |    11 |    19 |    13 ||    43
       War axe           |       |    21 |    85 ||   106
Invok: Ancestor Life: He |       |     1 |       ||     1
  Use: Potion            |       |       |     3 ||     3
 Stab: Sleeping          |     1 |     1 |     1 ||     3
       Distracted        |       |     1 |     2 ||     3
       Confused          |       |     1 |     1 ||     2
  Eat: Chunk             |     1 |     5 |     4 ||    10
Armor: Ring mail         |    30 |    42 |    29 ||   101
Dodge: Dodged            |    65 |    98 |    36 ||   199
